 Dungeon Crawl Stone Soup version 0.24.0-37-gcf1ca852f1 (webtiles) character file.

Game seed: 5700462777436059218, levelgen mode: deterministic

624 PentaManta the Sneak (level 7, 0/49 HPs)
             Began as an Octopode Berserker on Dec 5, 2019.
             Was an Elder of Trog.
             Slain by an adder (4 damage)
             ... on level 5 of the Dungeon.
             The game lasted 00:06:20 (3817 turns).

PentaManta the Sneak (Octopode Berserker)           Turns: 3817, Time: 00:06:20

Health: 0/49       AC:  1    Str: 17    XL:     7   Next: 47%
Magic:  7/7        EV: 15    Int:  9    God:    Trog [****..]
Gold:   309        SH:  4    Dex: 13    Spells: 6/6 levels left

rFire    . . .     SeeInvis .     - Unarmed
rCold    . . .     Gourm    .   h - +0 buckler
rNeg     . . .     Faith    .   (helmet restricted)
rPois    .         Spirit   .   q - amulet of regeneration
rElec    .         Reflect  .   o - ring of resist corrosion
rCorr    +         Harm     .   (no ring)
MR       .....                  (no ring)
Stlth    ++++......             (no ring)
HPRegen  0.56/turn              (no ring)
MPRegen  0.10/turn              (no ring)
                                (no ring)
                                (no ring)

@: lethally poisoned (0 -> -3)
A: almost no armour, stealthy swim, amphibious, 8 rings, constrict 8, camouflage
1, gelatinous body 1
a: Berserk, Trog's Hand, Brothers in Arms, Renounce Religion


You were on level 5 of the Dungeon.
You worshipped Trog.
Trog was greatly pleased with you.
You were not hungry.

You visited 1 branch of the dungeon, and saw 5 of its levels.

You collected 309 gold pieces.

Inventory:

Armour
 h - a +0 buckler (worn)
Jewellery
 o - a ring of resist corrosion (left tentacle)
 q - an amulet of regeneration (around mantle)
Wands
 n - a wand of polymorph (8)
 r - a wand of scattershot (7)
Scrolls
 c - 3 scrolls of identify {unknown}
 d - 3 scrolls of remove curse {unknown}
 i - a scroll of fog {unknown}
 j - a scroll of enchant weapon {unknown}
 k - a scroll of magic mapping {unknown}
 l - 2 scrolls of immolation {unknown}
 m - 3 scrolls of enchant armour {unknown}
 s - a scroll of blinking {unknown}
 t - a scroll of teleportation {unknown}
Potions
 b - a potion of mutation {unknown}
 e - 3 potions of curing {unknown}
 f - a potion of heal wounds {unknown}
 g - a potion of haste {unknown}
 p - a potion of degeneration {unknown}
Comestibles
 a - 8 rations


   Skills:
 + Level 4.6 Fighting
 + Level 4.6 Dodging
 + Level 4.8 Stealth
 + Level 2.7 Shields
 + Level 4.6 Unarmed Combat


You had 6 spell levels left.
You didn't know any spells.
Your spell library was empty.

Dungeon Overview and Level Annotations

Branches:
Dungeon (5/15)
 Temple: D:4-7

Altars:
Cheibriados
Elyvilon
Fedhas
Nemelex Xobeh
Zin

Shops:
D:4 ?


Innate Abilities, Weirdness & Mutations

You cannot wear most types of armour.
You are very stealthy in the water. (Stealth+)
You are amphibious.
You can wear up to eight rings at the same time.
You can use your tentacles to constrict eight enemies at once.
Your skin changes colour to match your surroundings (Stealth+).
Your rubbery body absorbs attacks. (AC +1, EV +1)


Message History

The adder poisons you! The adder barely misses you.
The howler monkey skeleton barely misses you.
You feel sick. The adder bites you.
* * * LOW HITPOINT WARNING * * *
You are more poisoned.
The adder poisons you! The howler monkey skeleton misses you.
You feel sick. The adder completely misses you.
You block the howler monkey skeleton's attack.
You feel sick. You block the adder's attack. The adder closely misses you.
The howler monkey skeleton hits you.
* * * LOW HITPOINT WARNING * * *
The adder bites you.
* * * LOW HITPOINT WARNING * * *
You are more poisoned.
The adder poisons you!
The howler monkey skeleton barely misses you.
* * * LOW HITPOINT WARNING * * *
You feel sick. The adder bites you.
You die...

#>..#.....# #...#.....#
.... ##..##.#########
...#
###'##.####....###...###
.......#................
.......#......?.........
.......'................
.......#.........S......
.......#........@Z......
.......#.....!..........
##.##..###......###...##
## #..# ###+#### ..#
.... .# .... #


You could see an adder and a howler monkey skeleton.

Vanquished Creatures
  An ogre (D:4)
  2 scorpions (D:4)
  A howler monkey (D:4)
  A crimson imp (D:5)
  2 orc wizards (D:4)
  5 worker ants (D:4)
  7 adders
  2 adder skeletons (D:4)
  15 dart slugs
  3 leopard geckos
  7 orcs (D:4)
  4 giant cockroaches
  7 goblins
  7 hobgoblins
  12 jackals
  5 quokkas
  A ball python (D:1)
  6 bats
  7 frilled lizards
  4 kobolds
  4 rats
103 creatures vanquished.

Notes
Turn   | Place    | Note
-------+----------+-------------------------------------------
     0 | D:1      | PentaManta the Octopode Berserker began the quest for the
                  | Orb.
     0 | D:1      | Reached XP level 1. HP: 16/16 MP: 1/1
   158 | D:1      | Reached skill level 1 in Stealth
   158 | D:1      | Reached XP level 2. HP: 19/21 MP: 2/2
   516 | D:1      | HP: 1/21 [jackal (2)]
   523 | D:2      | Found a faded altar of an unknown god.
   525 | D:2      | Reached ** piety under Trog
   525 | D:2      | Reached XP level 3. HP: 2/26 MP: 3/3
  1503 | D:2      | Found a white marble altar of Elyvilon.
  1510 | D:2      | Found a blossoming altar of Fedhas.
  1513 | D:2      | Found a sparkling altar of Nemelex Xobeh.
  1579 | D:2      | Reached XP level 4. HP: 27/31 MP: 4/4
  1770 | D:2      | You fall into a shaft and drop 2 floors!
  1770 | D:4      | Found Fosasex's Magic Scroll Shop.
  2511 | D:3      | Reached skill level 1 in Shields
  2526 | D:3      | Reached XP level 5. HP: 17/37 MP: 5/5
  2918 | D:3      | Found a glowing silver altar of Zin.
  2979 | D:3      | Reached *** piety under Trog
  3315 | D:4      | Reached XP level 6. HP: 43/43 MP: 6/6
  3338 | D:4      | Found a snail-covered altar of Cheibriados.
  3444 | D:4      | Reached XP level 7. HP: 32/49 MP: 7/7
  3776 | D:5      | Entered Level 5 of the Dungeon
  3807 | D:5      | Reached **** piety under Trog
  3817 | D:5      | Slain by an adder

Levels and vault maps discovered:
D:1:      dpeg_arrival_rooms_with_view, layout_rooms, minivault_27,
          roderic_lattice_a, chequers_arboretum, minmay_misc_feat_alley,
          chequers_mini_garden
D:2:      layout_loops_corners, minmay_overflow_temple_star_quad,
          chequers_ecumenical_altar_simple_redux
D:3:      kennysheep_slugbush, layout_basic, lemuel_round_altar, serial_glass,
          glass_columns_c, glass_columns_b, glass_columns_a, glass_columns_a,
          minmay_strange_pillars
D:4:      layout_rooms, lemuel_crystal_altar, serial_shops, shop_fountains
D:5:      layout_gridville, first_ration

Skill      XL: |  1  2  3  4  5  6 |
---------------+-------------------+-----
Stealth        | 1 2 3 4 |  4.8
Shields        | 1 2 |  2.7
Fighting       | 4 |  4.6
Unarmed Combat | 4 |  4.6
Dodging        | 4 |  4.6

Action                   |  1- 3 |  4- 6 |  7- 9 || total
-------------------------+-------+-------+-------++-------
Melee: Unarmed           |    66 |   115 |    34 ||   215
       Constrict         |    24 |    36 |    12 ||    72
       Tentacles         |    11 |    36 |    12 ||    59
       Punch             |     4 |     6 |     2 ||    12
Invok: Trog's Hand       |     1 |       |       ||     1
       Berserk           |       |     1 |       ||     1
 Stab: Sleeping          |    11 |    12 |       ||    23
  Eat: Ration            |     1 |       |       ||     1
       Chunk             |       |     5 |     2 ||     7
Armor: Skin              |     6 |     6 |     1 ||    13
Dodge: Dodged            |    43 |    66 |    40 ||   149
Block: Buckler           |     2 |    14 |    13 ||    29
